| TOP OF THE 1ST |
|
Victoria Capitals batting - Pitching for Roswell Invaders : LHP Elias Reyes
|
|
Pitching: LHP Elias Reyes
|
|
|
Batting: RHB Ross Hallock
|
0-0: Foul Ball, location: 2F 0-1: Ball 1-1: Ground out 6-3 (Groundball, 6, EV 98.1 MPH)
|
|
Batting: LHB Addisu Nyamekye
|
0-0: Ball 1-0: Foul Ball, location: 2F 1-1: Foul Ball, location: 2F 1-2: Ball 2-2: Ball 3-2: Foul Ball, location: 2F 3-2: Foul Ball, location: 2F 3-2: SINGLE (Line Drive, 9S, EV 103.8 MPH)
|
|
Batting: RHB Jesus Santiago
|
0-0: Called Strike 0-1: Called Strike 0-2: Ball 1-2: Foul Ball, location: 2F 1-2: 2-RUN HOME RUN (Flyball, 7LD, EV 95.6 MPH), Distance : 339 ft
|
|
Batting: RHB Steve Carmichael
|
0-0: Ball 1-0: Foul Ball, location: 2F 1-1: Foul Ball, location: 2F 1-2: Foul Ball, location: 2F 1-2: Foul Ball, location: 2F 1-2: Strikes out swinging
|
|
Batting: RHB Rich Griffith
|
0-0: Ball 1-0: Ball 2-0: Foul Ball, location: 2F 2-1: Swinging Strike 2-2: Ball 3-2: Foul Ball, location: 2F 3-2: Foul Ball, location: 2F 3-2: Base on Balls
|
|
Batting: RHB Josh Rentz
|
0-0: Foul Ball, location: 2F 0-1: Foul Ball, location: 2F 0-2: Ball 1-2: Strikes out swinging
|
| Top of the 1st over - 2 runs, 2 hits, 0 errors, 1 left on base; Victoria 2 - Roswell 0 |
| BOTTOM OF THE 1ST |
|
Roswell Invaders batting - Pitching for Victoria Capitals : LHP Mike Roberts
|
|
Pitching: LHP Mike Roberts
|
|
|
Batting: LHB Jalen Williams
|
0-0: Ball 1-0: SINGLE (Line Drive, 78M, EV 101.2 MPH)
|
|
Batting: RHB Carlos Gonzalez
|
0-0: Ball 1-0: Called Strike 1-1: Fly out, F8 (Flyball, 8RM, EV 90.0 MPH)
|
|
Batting: LHB Ivan Cortez
|
0-0: Ball 1-0: Grounds out, U3 (Groundball, 3L, EV 101.9 MPH)
|
|
Batting: LHB Angelo Lira
|
0-0: SINGLE (Line Drive, 78S, EV 103.8 MPH) Jalen Williams to third Runner from 3rd tries for Home, SAFE, throw by LF to home
|
|
Batting: LHB Julio Zamora
|
0-0: Ball 1-0: SINGLE (Line Drive, 3D, EV 96.9 MPH) Angelo Lira to second Runner from 2nd tries for 3rd, OUT! 9-5
|
| Bottom of the 1st over - 1 run, 3 hits, 0 errors, 1 left on base; Victoria 2 - Roswell 1 |
| TOP OF THE 2ND |
|
Victoria Capitals batting - Pitching for Roswell Invaders : LHP Elias Reyes
|
|
Batting: RHB Tristan Martin
|
0-0: Called Strike 0-1: Hit by Pitch
|
|
Batting: SHB Rich Roberts
|
0-0: Ball 1-0: Ball 2-0: Foul Ball, location: 2F 2-1: Foul Ball, location: 2F 2-2: Grounds into double play, 6-4-3 (Groundball, 6, EV 103.8 MPH)
|
|
Batting: LHB Jason Cary
|
0-0: Ball 1-0: Ball 2-0: Fly out, F8 (Flyball, 8RD, EV 86.2 MPH)
|
| Top of the 2nd over - 0 runs, 0 hits, 0 errors, 0 left on base; Victoria 2 - Roswell 1 |
| BOTTOM OF THE 2ND |
|
Roswell Invaders batting - Pitching for Victoria Capitals : LHP Mike Roberts
|
|
Batting: RHB Jason Hanson
|
0-0: Called Strike 0-1: Foul Ball, location: 2F 0-2: Ball 1-2: Strikes out looking
|
|
Batting: LHB Adam Spence
|
0-0: Ball 1-0: Ball 2-0: Foul Ball, location: 2F 2-1: Ball 3-1: Base on Balls
|
|
Batting: RHB Benjie Alejandro
|
0-0: Ball 1-0: Called Strike 1-1: SINGLE (Groundball, 6D, EV 108.1 MPH) Adam Spence to second
|
|
Batting: LHB Andrew Moore
|
0-0: Ball 1-0: Ball 2-0: Ball 3-0: Base on Balls Adam Spence to third Benjie Alejandro to second
|
|
Batting: LHB Jalen Williams
|
0-0: Ball 1-0: Foul Ball, location: 2F 1-1: Ball 2-1: Fly out, F4 (Line Drive, 4MD, EV 72.5 MPH) Lined into DP, 4-6 (Line Drive, 4MD, EV 68.8 MPH)
|
| Bottom of the 2nd over - 0 runs, 1 hit, 0 errors, 2 left on base; Victoria 2 - Roswell 1 |
| TOP OF THE 3RD |
|
Victoria Capitals batting - Pitching for Roswell Invaders : LHP Elias Reyes
|
|
Batting: RHB Ross Hallock
|
0-0: Ball 1-0: Foul Ball, location: 2F 1-1: Ball 2-1: Swinging Strike 2-2: Strikes out looking
|
|
Batting: LHB Addisu Nyamekye
|
0-0: Ball 1-0: Called Strike 1-1: Swinging Strike 1-2: Ball 2-2: Ground out 4-3 (Groundball, 4, EV 110.6 MPH)
|
|
Batting: RHB Jesus Santiago
|
0-0: Ball 1-0: Ball 2-0: Called Strike 2-1: Foul Ball, location: 2F 2-2: Foul Ball, location: 2F 2-2: Ball 3-2: SOLO HOME RUN (Flyball, 7LD, EV 93.1 MPH), Distance : 354 ft
|
|
Batting: RHB Steve Carmichael
|
0-0: Ball 1-0: Ball 2-0: Foul Ball, location: 2F 2-1: Foul Ball, location: 2F 2-2: Foul Ball, location: 2F 2-2: Ball 3-2: Ground out 5-3 (Groundball, 56, EV 105.0 MPH)
|
| Top of the 3rd over - 1 run, 1 hit, 0 errors, 0 left on base; Victoria 3 - Roswell 1 |
| BOTTOM OF THE 3RD |
|
Roswell Invaders batting - Pitching for Victoria Capitals : LHP Mike Roberts
|
|
Batting: RHB Carlos Gonzalez
|
0-0: Ball 1-0: SINGLE (Line Drive, 89S, EV 100.0 MPH)
|
|
Batting: LHB Ivan Cortez
|
0-0: Ball 1-0: Ball 2-0: Ball 3-0: Called Strike 3-1: Base on Balls Carlos Gonzalez to second
|
|
Batting: LHB Angelo Lira
|
0-0: Ball 1-0: Called Strike 1-1: Called Strike 1-2: Foul Ball, location: 2F 1-2: Strikes out swinging
|
|
Batting: LHB Julio Zamora
|
0-0: Ball 1-0: Called Strike 1-1: Foul Ball, location: 2F 1-2: Foul Ball, location: 2F 1-2: Fly out, F7 (Line Drive, 78D, EV 91.2 MPH)
|
|
Batting: RHB Jason Hanson
|
0-0: Foul Ball, location: 2F 0-1: Foul Ball, location: 2F 0-2: Ball 1-2: Foul Ball, location: 2F 1-2: Ball 2-2: Foul Ball, location: 2F 2-2: Strikes out swinging
|
| Bottom of the 3rd over - 0 runs, 1 hit, 0 errors, 2 left on base; Victoria 3 - Roswell 1 |
| TOP OF THE 4TH |
|
Victoria Capitals batting - Pitching for Roswell Invaders : LHP Elias Reyes
|
|
Batting: RHB Rich Griffith
|
0-0: Ball 1-0: Ball 2-0: Called Strike 2-1: Foul Ball, location: 2F 2-2: Foul Ball, location: 2F 2-2: Ball 3-2: Foul Ball, location: 2F 3-2: Base on Balls
|
|
Batting: RHB Josh Rentz
|
0-0: Called Strike Rich Griffith is caught stealing 2nd base 2-4 0-1: DOUBLE (Groundball, 3L, EV 100.6 MPH)
|
|
Batting: RHB Tristan Martin
|
0-0: Called Strike 0-1: Foul Ball, location: 2F 0-2: Ball 1-2: Ball 2-2: Strikes out looking
|
|
Batting: SHB Rich Roberts
|
0-0: Ball 1-0: Reached on error, E3 (Groundball, 34S, EV 89.4 MPH) Josh Rentz to third
|
|
Batting: LHB Jason Cary
|
0-0: Ball 1-0: Foul Ball, location: 2F 1-1: Called Strike 1-2: Ball 2-2: Ball 3-2: Strikes out swinging
|
| Top of the 4th over - 0 runs, 1 hit, 1 error, 2 left on base; Victoria 3 - Roswell 1 |
| BOTTOM OF THE 4TH |
|
Roswell Invaders batting - Pitching for Victoria Capitals : LHP Mike Roberts
|
|
Batting: LHB Adam Spence
|
0-0: Called Strike 0-1: Foul Ball, location: 2F 0-2: Hit by Pitch
|
|
Batting: RHB Benjie Alejandro
|
0-0: Ball 1-0: Called Strike 1-1: Ball 2-1: Fly out, F9 (Flyball, 9S, EV 86.9 MPH)
|
|
Batting: LHB Andrew Moore
|
0-0: 2-RUN HOME RUN (Flyball, 9D, EV 95.0 MPH), Distance : 380 ft
|
|
Batting: LHB Jalen Williams
|
0-0: Ball 1-0: Ball 2-0: Called Strike 2-1: Ball 3-1: Fly out, F5 (Popup, 5SF, EV 81.2 MPH)
|
|
Batting: RHB Carlos Gonzalez
|
0-0: Ball 1-0: Fly out, F7 (Flyball, 7, EV 96.2 MPH)
|
| Bottom of the 4th over - 2 runs, 1 hit, 0 errors, 0 left on base; Victoria 3 - Roswell 3 |
| TOP OF THE 5TH |
|
Victoria Capitals batting - Pitching for Roswell Invaders : LHP Elias Reyes
|
|
Batting: RHB Ross Hallock
|
0-0: Ball 1-0: Ball 2-0: Called Strike 2-1: Foul Ball, location: 2F 2-2: Ball 3-2: Foul Ball, location: 2F 3-2: Base on Balls
|
|
Batting: LHB Addisu Nyamekye
|
0-0: Ball 1-0: Ball 2-0: Ball 3-0: Base on Balls Ross Hallock to second
|
|
Pitching: LHP Henry Jesso
|
|
|
Batting: RHB Jesus Santiago
|
0-0: Called Strike 0-1: Ball 1-1: Swinging Strike 1-2: Foul Ball, location: 2F 1-2: SINGLE (Line Drive, 8LS, EV 105.6 MPH) Ross Hallock to third Addisu Nyamekye to second Runner from 3rd tries for Home, SAFE, throw by CF to home
|
|
Batting: RHB Steve Carmichael
|
0-0: Ball 1-0: Ball 2-0: Foul Ball, location: 2F 2-1: Foul Ball, location: 2F 2-2: SINGLE (Line Drive, 34, EV 94.4 MPH) Addisu Nyamekye to third Jesus Santiago to second
|
|
Batting: RHB Rich Griffith
|
0-0: Ball 1-0: Ball 2-0: Fly out, F9 (Line Drive, 9D, EV 90.6 MPH) Runner from 3rd tags up, SCORES, no throw by RF
|
|
Batting: RHB Josh Rentz
|
0-0: Ball 1-0: Called Strike 1-1: Ball 2-1: Called Strike 2-2: Ball 3-2: Strikes out swinging
|
|
Batting: RHB Tristan Martin
|
0-0: Ball 1-0: Called Strike 1-1: Swinging Strike 1-2: Foul Ball, location: 2F 1-2: Strikes out swinging
|
| Top of the 5th over - 2 runs, 2 hits, 0 errors, 2 left on base; Victoria 5 - Roswell 3 |
| BOTTOM OF THE 5TH |
|
Roswell Invaders batting - Pitching for Victoria Capitals : LHP Mike Roberts
|
|
Batting: LHB Ivan Cortez
|
0-0: Ball 1-0: Called Strike 1-1: Foul Ball, location: 2F 1-2: Foul Ball, location: 2F 1-2: Strikes out looking
|
|
Batting: LHB Angelo Lira
|
0-0: Ball 1-0: Called Strike 1-1: Ball 2-1: Called Strike 2-2: Ground out 1-3 (Groundball, 34S, EV 70.6 MPH)
|
|
Batting: LHB Julio Zamora
|
0-0: Called Strike 0-1: Swinging Strike 0-2: Strikes out swinging
|
| Bottom of the 5th over - 0 runs, 0 hits, 0 errors, 0 left on base; Victoria 5 - Roswell 3 |
| TOP OF THE 6TH |
|
Victoria Capitals batting - Pitching for Roswell Invaders : LHP Henry Jesso
|
|
Batting: SHB Rich Roberts
|
0-0: SINGLE (Groundball, 6MD, EV 94.4 MPH)
|
|
Batting: LHB Jason Cary
|
0-0: Called Strike 0-1: Swinging Strike 0-2: Ball 1-2: Foul Ball, location: 2F 1-2: Foul Ball, location: 2F 1-2: Grounds into double play, 4-6-3 (Groundball, 4, EV 87.5 MPH)
|
|
Batting: RHB Ross Hallock
|
0-0: Foul Ball, location: 2F 0-1: Ball 1-1: Ball 2-1: Foul Ball, location: 2F 2-2: Fly out, F8 (Flyball, 8RS, EV 85.6 MPH)
|
| Top of the 6th over - 0 runs, 1 hit, 0 errors, 0 left on base; Victoria 5 - Roswell 3 |
| BOTTOM OF THE 6TH |
|
Roswell Invaders batting - Pitching for Victoria Capitals : LHP Mike Roberts
|
|
Pitching: RHP Kyle Wood
|
|
|
Batting: RHB Jason Hanson
|
0-0: Called Strike 0-1: Ball 1-1: Ball 2-1: Ball 3-1: Swinging Strike 3-2: Strikes out swinging
|
|
Batting: LHB Adam Spence
|
0-0: Called Strike 0-1: Ball 1-1: Foul Ball, location: 2F 1-2: Fly out, F7 (Flyball, 78S, EV 96.2 MPH)
|
|
Batting: RHB Benjie Alejandro
|
0-0: Called Strike 0-1: Foul Ball, location: 2F 0-2: Ball 1-2: Ball 2-2: Foul Ball, location: 2F 2-2: Ground out 5-3 (Groundball, 56, EV 105.0 MPH)
|
| Bottom of the 6th over - 0 runs, 0 hits, 0 errors, 0 left on base; Victoria 5 - Roswell 3 |
| TOP OF THE 7TH |
|
Victoria Capitals batting - Pitching for Roswell Invaders : LHP Henry Jesso
|
|
Batting: LHB Addisu Nyamekye
|
0-0: Called Strike 0-1: Ball 1-1: Ball 2-1: Called Strike 2-2: Ball 3-2: Fly out, F7 (Flyball, 7S, EV 78.8 MPH)
|
|
Batting: RHB Jesus Santiago
|
0-0: Swinging Strike 0-1: Foul Ball, location: 2F 0-2: SOLO HOME RUN (Flyball, 7D, EV 98.1 MPH), Distance : 374 ft
|
|
Batting: RHB Steve Carmichael
|
0-0: Called Strike 0-1: Ball 1-1: Ball 2-1: Ground out 6-3 (Groundball, 6, EV 83.8 MPH)
|
|
Batting: RHB Rich Griffith
|
0-0: Ball 1-0: Hit by Pitch
|
|
Pitching: RHP Christian Jansen
|
|
|
Batting: RHB Josh Rentz
|
0-0: Ball 1-0: Ball 2-0: Called Strike Rich Griffith steals 2nd base 2-1: Swinging Strike 2-2: Fly out, F8 (Flyball, 8RXD, EV 96.2 MPH)
|
| Top of the 7th over - 1 run, 1 hit, 0 errors, 1 left on base; Victoria 6 - Roswell 3 |
| BOTTOM OF THE 7TH |
|
Roswell Invaders batting - Pitching for Victoria Capitals : RHP Kyle Wood
|
|
Now in LF: Steve Carmichael
|
|
|
Now in CF: Matt Hepburn
|
|
|
Batting: LHB Andrew Moore
|
0-0: Called Strike 0-1: Ball 1-1: Called Strike 1-2: Foul Ball, location: 2F 1-2: Foul Ball, location: 2F 1-2: Ball 2-2: Fly out, F2 (Popup, 23F, EV 86.9 MPH)
|
|
Batting: LHB Jalen Williams
|
0-0: Foul Ball, location: 2F 0-1: Called Strike 0-2: Strikes out swinging
|
|
Batting: RHB Carlos Gonzalez
|
0-0: Called Strike 0-1: DOUBLE (Groundball, 5L, EV 100.6 MPH)
|
|
Batting: LHB Ivan Cortez
|
0-0: Fly out, F8 (Flyball, 8LD, EV 103.1 MPH)
|
| Bottom of the 7th over - 0 runs, 1 hit, 0 errors, 1 left on base; Victoria 6 - Roswell 3 |
| TOP OF THE 8TH |
|
Victoria Capitals batting - Pitching for Roswell Invaders : RHP Christian Jansen
|
|
Batting: LHB Matt Hepburn
|
0-0: Ball 1-0: Called Strike 1-1: Foul Ball, location: 2F 1-2: SINGLE (Line Drive, 34, EV 103.8 MPH)
|
|
Batting: SHB Rich Roberts
|
0-0: Ball Matt Hepburn steals 2nd base 1-0: Foul Ball, location: 2F 1-1: Swinging Strike 1-2: Ball 2-2: Strikes out swinging
|
|
Batting: LHB Jason Cary
|
0-0: Ball 1-0: Called Strike 1-1: Called Strike 1-2: Ball 2-2: Strikes out looking
|
|
Batting: RHB Ross Hallock
|
0-0: SINGLE (Groundball, 4M, EV 110.0 MPH) (infield hit) Matt Hepburn to third
|
|
Batting: LHB Addisu Nyamekye
|
0-0: Called Strike 0-1: Foul Ball, location: 2F 0-2: Ball 1-2: Strikes out swinging
|
| Top of the 8th over - 0 runs, 2 hits, 0 errors, 2 left on base; Victoria 6 - Roswell 3 |
| BOTTOM OF THE 8TH |
|
Roswell Invaders batting - Pitching for Victoria Capitals : RHP Kyle Wood
|
|
Batting: LHB Angelo Lira
|
0-0: Ball 1-0: Ball 2-0: Foul Ball, location: 2F 2-1: SINGLE (Line Drive, 4MD, EV 105.0 MPH)
|
|
Batting: LHB Julio Zamora
|
0-0: Fly out, F9 (Flyball, 9, EV 81.2 MPH)
|
|
Pinch Hitting: RHB Drew Sigona
|
0-0: Swinging Strike 0-1: Foul Ball, location: 2F 0-2: Strikes out swinging
|
|
Batting: LHB Adam Spence
|
0-0: Ball 1-0: Foul Ball, location: 2F 1-1: Called Strike 1-2: Strikes out swinging
|
| Bottom of the 8th over - 0 runs, 1 hit, 0 errors, 1 left on base; Victoria 6 - Roswell 3 |
| TOP OF THE 9TH |
|
Victoria Capitals batting - Pitching for Roswell Invaders : RHP Christian Jansen
|
|
Now at 1B: Shing Mah
|
|
|
Batting: RHB Jesus Santiago
|
0-0: Ground out 4-3 (Groundball, 4, EV 105.0 MPH)
|
|
Batting: RHB Steve Carmichael
|
0-0: Called Strike 0-1: Fly out, F9 (Flyball, 9S, EV 86.2 MPH)
|
|
Batting: RHB Rich Griffith
|
0-0: Ball 1-0: Foul Ball, location: 2F 1-1: Fly out, F8 (Flyball, 8LD, EV 83.8 MPH)
|
| Top of the 9th over - 0 runs, 0 hits, 0 errors, 0 left on base; Victoria 6 - Roswell 3 |
| BOTTOM OF THE 9TH |
|
Roswell Invaders batting - Pitching for Victoria Capitals : RHP Kyle Wood
|
|
Pinch Hitting: LHB Falco van Koeveringe
|
0-0: Ball 1-0: Called Strike 1-1: Foul Ball, location: 2F 1-2: Foul Ball, location: 2F 1-2: Reached on error, E6 (Groundball, 6, EV 99.4 MPH)
|
|
Pinch Hitting: RHB Homer Petropoulos
|
0-0: Called Strike 0-1: Ground out 6-3 (Groundball, 6S, EV 91.9 MPH)
|
|
Batting: LHB Jalen Williams
|
0-0: Ball 1-0: Ball 2-0: SINGLE (Groundball, 56D, EV 97.5 MPH) Falco van Koeveringe to third
|
|
Pinch Hitting: RHB Hidemitsu Matsuno
|
0-0: Called Strike 0-1: Foul Ball, location: 2F 0-2: Ball 1-2: Foul Ball, location: 2F 1-2: Ball 2-2: Fly out, F7 (Line Drive, 7S, EV 95.6 MPH)
|
|
Pitching: RHP Yen-nien Luo
|
|
|
Batting: LHB Ivan Cortez
|
0-0: Called Strike 0-1: Ball 1-1: Ground out 4-3 (Groundball, 4S, EV 80.0 MPH)
|
| Bottom of the 9th over - 0 runs, 1 hit, 1 error, 2 left on base; Victoria 6 - Roswell 3 |
|